 Dungeon Crawl Stone Soup version 0.27-a0-29-g2d0a2396b0 (webtiles) character file.

Game seed: 8660488128888795345

188912 hehateme the Severer (level 17, -7/140 HPs)
             Began as a Demonspawn Gladiator on Jan 3, 2021.
             Was an Initiate of Gozag.
             Killed from afar by Jorgrun (42 damage)
             ... with an iron shot
             ... on level 3 of the Swamp.
             The game lasted 01:52:00 (63280 turns).

hehateme the Severer (Demonspawn Gladiator)        Turns: 63280, Time: 01:52:00

Health: -7/140     AC: 26    Str: 19 (22) XL:     17   Next: 49%
Magic:  28/28      EV:  0    Int: 11      God:    Gozag
Gold:   4980       SH: 17    Dex: 11 (15) Spells: 22/31 levels left

rFire    + + .     SeeInvis .   u - +3 broad axe (vamp)
rCold    + . .     Faith    .   z - +3 tower shield
rNeg     + . .     Spirit   .   a - +2 plate armour {rPois} {rPois}
rPois    +         Reflect  .   o - +0 hat of Foit {Str+2}
rElec    +         Harm     .   r - scarf {rC+ rF+}
rCorr    .         Rampage  +   (gloves unavailable)
Will     ++...                  g - +1 pair of boots {rampage}
Stlth    ..........             e - macabre finger necklace {rN+}
HPRegen  0.33/turn              c - ring of willpower
MPRegen  0.21/turn              E - +4 ring of slaying
                                X - +4 ring of protection

@: grasped by roots, hasted, constricted, very quick
A: claws 3, thin metallic scales 3, fire resistance 1, flame cloud immunity
}: 1/15 runes: gossamer
a: Renounce Religion, Potion Petition, Call Merchant, Bribe Branch


You were on level 3 of the Swamp.
You worshipped Gozag.
Gozag was most pleased with you.
You visited 6 branches of the dungeon, and saw 31 of its levels.
You also visited: Gauntlet.

You collected 10159 gold pieces.
You spent 1758 gold pieces at shops.
You paid 3421 gold pieces to Gozag.

Inventory:

Hand Weapons
 p - a +2 vorpal morningstar
 u - a +3 vampiric broad axe (weapon)
Missiles
 l - 14 javelins
 q - 78 poisoned darts
 v - 16 atropa-tipped darts
 y - 786 stones
 B - 8 curare-tipped darts
 H - 49 boomerangs (quivered)
Armour
 a - a +2 plate armour of poison resistance (worn) {rPois}
 g - a +1 pair of boots of rampaging (worn)
 o - the +0 hat of Foit (worn) {Str+2}
   (You bought it in a shop on level 2 of the Orcish Mines)

   It affects your strength (+2).
 r - a scarf of resistance (worn)
 z - a +3 tower shield (worn)
Jewellery
 c - a ring of willpower (left claw)
 e - the macabre finger necklace (around neck) {rN+}
   (You found it on level 6 of the Lair of Beasts)

   [amulet of nothing]

   It protects you from negative energy.
 E - a +4 ring of slaying (right claw)
 F - an uncursed ring of stealth {Stlth+}
 L - an uncursed ring of ice {rC+, rF-}
 N - an uncursed ring of positive energy {rN+}
 P - an uncursed ring of flight
 S - an uncursed ring of magical power {MP+9}
 T - a +4 ring of evasion
 W - an uncursed ring of wizardry {Wiz+}
 X - a +4 ring of protection (on amulet)
Wands
 f - a wand of flame (39)
 h - a wand of acid (1)
 j - a wand of paralysis (30)
 D - a wand of digging (16)
 Q - a wand of iceblast (2)
 V - a wand of polymorph (26)
Scrolls
 b - a scroll of fear
 d - 2 scrolls of silence
 i - 5 scrolls of identify
 k - 2 scrolls of blinking {!r}
 m - 8 scrolls of enchant armour
 t - 7 scrolls of teleportation
 x - 4 scrolls of magic mapping {!r}
 G - 4 scrolls of remove curse
 I - 5 scrolls of fog
 Z - 3 scrolls of vulnerability {!r!r}
Potions
 n - 2 potions of might
 s - 3 potions of heal wounds
 w - a potion of mutation {!q}
 C - a potion of cancellation
 J - 2 potions of lignification {!q}
 K - 5 potions of attraction {!q}
 O - 2 potions of berserk rage {!q}
 R - 6 potions of curing
 U - 2 potions of haste
 Y - 2 potions of resistance
Miscellaneous
 A - a box of beasts
 M - a phial of floods


   Skills:
 + Level 14.4 Fighting
 - Level 18.0 Axes
 - Level 6.5 Throwing
 - Level 8.2 Armour
 - Level 2.6 Dodging
 - Level 5.6 Shields
 + Level 7.9 Spellcasting
 * Level 10.5 Earth Magic
 - Level 8.0 Evocations


You had 22 spell levels left.
You knew the following spells:

 Your Spells              Type           Power        Failure   Level
a - Shatter               Erth           13%          100%        9

Your spell library contained the following spells:

 Spells                   Type           Power        Failure   Level
 Sandblast                Erth           54%          50%         1
 Shock                    Conj/Air       16%          100%        1
 Passwall                 Tmut/Erth      12%          100%        2
 Swiftness                Air            4%           100%        2
 Confusing Touch          Hex            4%           100%        3
 Gell's Gravitas          Tloc           2%           100%        3
 Ignite Poison            Fire/Tmut/Pois 4%           100%        3
 Static Discharge         Conj/Air       4%           100%        3
 Stone Arrow              Conj/Erth      30%          100%        3
 Airstrike                Air            2%           100%        4
 Leda's Liquefaction      Hex/Erth       7%           100%        4
 Petrify                  Tmut/Erth      15%          100%        4
 Bolt of Magma            Conj/Fire/Erth 6%           100%        5
 Fireball                 Conj/Fire      2%           100%        5
 Lee's Rapid Deconstruct  Erth           13%          100%        5
 Lightning Bolt           Conj/Air       2%           100%        5
 Metabolic Englaciation   Hex/Ice        2%           100%        5
 Yara's Violent Unravell  Hex/Tmut       2%           100%        5
 Iron Shot                Conj/Erth      7%           100%        6
 Starburst                Conj/Fire      2%           100%        6
 Statue Form              Tmut/Erth      10%          100%        6
 Ignition                 Fire           2%           100%        8


Dungeon Overview and Level Annotations

Branches:
Dungeon (15/15)            Temple (1/1) D:7            Lair (6/6) D:9
  Swamp (3/4) Lair:4       Spider (4/4) Lair:4        Slime (0/5) Lair:6
    Orc (2/2) D:11            Elf (0/3) Orc:2        Vaults (0/5) D:14
 Depths (0/5) D:15        Gauntlet (visited)

Altars:
Ashenzari
Cheibriados
Dithmenos
Elyvilon
Fedhas
Gozag
Hepliaklqana
Kikubaaqudgha
Makhleb
Nemelex Xobeh
Okawaru
Qazlal
Ru
Sif Muna
Trog
Uskayaw
Vehumet
Wu Jian
Xom
Yredelemnul
Zin
The Shining One
Beogh

Shops:
D:4 *   D:6 [   D:12 (   Orc:2 :[**(

Portals:
Bazaar: D:13

Annotations:
D:1 exclusion: 2 downstairs
D:2 Sigmund
D:6 exclusion: downstairs
Lair:3 1 runed translucent door, MakMorn's ghost, journeyman MiTm
Lair:6 Rupert
Swamp:2 exclusion: downstairs
Swamp:3 Jorgrun
Spider:4 exclusion: 3 doors


Innate Abilities, Weirdness & Mutations

You have claws for hands.
You are completely covered in thin metallic scales. (AC +4, rElec)
Your flesh is heat resistant. (rF+)
You are immune to clouds of flame.


Message History

Jorgrun casts a spell at you.
Roots burst forth from the earth!
The grasping roots grab you! The grasping roots constrict you.
Trunks creak and shift.
You are hit by a branch.
* * * LOW HITPOINT WARNING * * *
The spriggan druid hits you but does no damage.
Jorgrun hits you but does no damage. The grasping roots constrict you.
You turn to flesh and can move again.
You take 91 damage, and have 43/140 hp.
GAME OVER YEAH!!
You feel yourself speed up. A tree reaches out and hits you!
* * * LOW HITPOINT WARNING * * *
The spriggan druid hits you but does no damage.
Jorgrun casts a spell at you. The iron shot hits you!!!
You die...
Your body crumbles into a pile of gold.

≈≈..♣♣ *≈..♣*
*,,≈≈≈* ≈≈≈.♣ *,..♣
***,,**** ≈≈≈♣♣
*,.≈♣ *,,,≈,,,*
≈.>≈♣♣♣♣♣♣..♣
*≈≈≈≈≈≈**
≈..≈.♣.≈≈♣..♣
*≈,,****
≈..≈≈..≈≈.♣≈♣ *****
≈.i....vg[.♣♣♣♣♣♣♣♣♣
..≈..♣♣≈x<..♣♣≈♣..≈♣
....≈.♣♣≈.≈§♣≈wi@.♣*
##..≈..♣≈§≈..v≈xg♣♣
*#......≈≈≈§≈≈≈≈.≈♣
,....♣.....≈≈)..§♣♣
##...♣♣♣♣♣♣≈≈♣♣♣♣♣
,,,,,* ♣♣♣♣ ,*,*,*
,*,*,* ,***,*

Skill      XL: |  1  2  3  4  5  6  7  8  9 10 11 12 13 14 15 16 17 |
---------------+----------------------------------------------------+-----
Axes           | 3 4 5 6 8 9 11 12 14 16 18 | 18.0
Armour         | 1 2 3 4 5 6 7 8 |  8.2
Fighting       | 3 4 6 7 8 9 11 12 13 14 | 14.4
Throwing       | 3 5 6 |  6.5
Shields        | 2 3 5 |  5.6
Evocations     | 1 5 8 |  8.0
Spellcasting   | 3 6 7 |  7.9
Earth Magic    | 4 9 10 | 10.5
Dodging        | |  2.6

Notes
Turn   | Place    | Note
-------+----------+-------------------------------------------
     0 | D:1      | hehateme the Demonspawn Gladiator began the quest for the
                  | Orb.
     0 | D:1      | Reached XP level 1. HP: 16/16 MP: 1/1
    40 | D:1      | Reached skill level 3 in Axes
    40 | D:1      | Gained mutation: You are partially covered in thin metallic
                  | scales. (AC +2) [demonic ancestry]
    40 | D:1      | Reached XP level 2. HP: 16/22 MP: 2/2
   414 | D:1      | Reached skill level 1 in Armour
   498 | D:1      | Gained mutation: You are mostly covered in thin metallic
                  | scales. (AC +3) [demonic ancestry]
   498 | D:1      | Reached XP level 3. HP: 28/28 MP: 3/3
   760 | D:2      | Noticed Sigmund
  1626 | D:2      | Reached XP level 4. HP: 34/34 MP: 4/4
  1865 | D:3      | Noticed Ijyb
  1884 | D:3      | Killed Ijyb
  1885 | D:3      | Reached skill level 3 in Fighting
  1885 | D:3      | Reached skill level 4 in Axes
  2108 | D:3      | Reached skill level 2 in Armour
  2108 | D:3      | Gained mutation: You have sharp fingernails. [demonic
                  | ancestry]
  2108 | D:3      | Reached XP level 5. HP: 23/41 MP: 5/5
  2178 | D:3      | Noticed Terence
  2249 | D:3      | Killed Terence
  2854 | D:4      | Found a broken altar of Ashenzari.
  2958 | D:4      | Found Tithas's Serpentskin Sales.
  2969 | D:4      | Reached XP level 6. HP: 46/47 MP: 6/6
  2979 | D:4      | Bought 7 curare-tipped darts for 42 gold pieces
  3086 | D:4      | Noticed Menkaure
  3097 | D:3      | HP: 9/47 [??? (6)]
  3098 | D:3      | Killed Menkaure
  3099 | D:3      | Reached skill level 5 in Axes
  3490 | D:4      | HP: 11/48 [ogre/+0 giant spiked club (16)]
  3506 | D:4      | Reached skill level 4 in Fighting
  3506 | D:4      | Reached skill level 3 in Armour
  4134 | D:4      | Gained mutation: You have very sharp fingernails. [demonic
                  | ancestry]
  4134 | D:4      | Reached XP level 7. HP: 25/54 MP: 7/7
  4314 | D:5      | Entered Level 5 of the Dungeon
  4347 | D:5      | Found a stormy altar of Qazlal.
  4586 | D:5      | HP: 12/55 [poisoned by a scorpion]
  4966 | D:5      | Found a snail-covered altar of Cheibriados.
  5164 | D:5      | Reached skill level 6 in Axes
  6006 | D:6      | Found Dierghei's Armour Shop.
  6193 | D:6      | Reached skill level 4 in Armour
  6193 | D:6      | Gained mutation: You have claws for hands. [demonic
                  | ancestry]
  6193 | D:6      | Reached XP level 8. HP: 29/61 MP: 8/8
  6374 | D:6      | Reached skill level 5 in Fighting
  6996 | D:6      | Reached skill level 7 in Axes
  7615 | D:7      | Found an ornate altar of the Wu Jian Council.
  8353 | D:6      | Reached skill level 6 in Fighting
  8353 | D:6      | Reached skill level 5 in Armour
  8361 | D:6      | Reached skill level 8 in Axes
  8375 | D:6      | HP: 15/64 [something (4)]
  9223 | D:7      | Found a staircase to the Ecumenical Temple.
  9234 | Temple   | Entered the Ecumenical Temple
  9437 | Temple   | Became a worshipper of Gozag Ym Sagoz the Greedy
  9566 | D:7      | Gained mutation: Your flesh is heat resistant. (rF+)
                  | [demonic ancestry]
  9566 | D:7      | Reached XP level 9. HP: 69/69 MP: 9/9
 10152 | D:5      | Found a glowing golden altar of the Shining One.
 10641 | D:8      | Noticed Joseph
 10658 | D:8      | Killed Joseph
 10935 | D:8      | Noticed Prince Ribbit
 10953 | D:8      | Killed Prince Ribbit
 10954 | D:8      | Reached skill level 9 in Axes
 10966 | D:8      | Reached skill level 6 in Armour
 11009 | D:8      | Reached skill level 7 in Fighting
 11104 | D:8      | Noticed Maurice
 12372 | D:9      | Found a staircase to the Lair.
 12372 | D:9      | Noticed an elephant
 12849 | D:9      | Found a burning altar of Makhleb.
 12849 | D:9      | Found a sacrificial altar of Ru.
 12972 | D:9      | Found an ancient bone altar of Kikubaaqudgha.
 13154 | D:9      | Reached XP level 10. HP: 36/79 MP: 10/10
 13161 | D:9      | HP: 9/79 [yak (13)]
 13166 | D:9      | HP: 17/79 [yak (13)]
 13171 | D:9      | Reached skill level 10 in Axes
 13584 | D:9      | Killed an elephant
 13615 | D:9      | Found a broken altar of Ashenzari.
 14215 | D:8      | Killed Maurice
 14216 | D:8      | Reached skill level 8 in Fighting
 14216 | D:8      | Reached skill level 7 in Armour
 14530 | D:8      | Found a basalt altar of Yredelemnul.
 14745 | D:10     | Entered Level 10 of the Dungeon
 15143 | D:10     | Noticed a two-headed ogre
 16461 | D:10     | Noticed a gargoyle
 16466 | D:10     | Killed a gargoyle
 16511 | D:10     | Reached skill level 11 in Axes
 16948 | D:10     | HP: 20/82 [yak (13)]
 16957 | D:10     | HP: 19/82 [yak (3)]
 16960 | D:10     | Gained mutation: You are immune to clouds of flame.
                  | [demonic ancestry]
 16960 | D:10     | Reached XP level 11. HP: 21/87 MP: 11/11
 17938 | D:10     | Killed a two-headed ogre
 17939 | D:10     | Reached skill level 9 in Fighting
 17939 | D:10     | Reached skill level 8 in Armour
 18702 | D:11     | HP: 22/89 [manticore (1)]
 19160 | D:11     | Found a staircase to the Orcish Mines.
 19689 | D:11     | Reached skill level 2 in Throwing
 20057 | D:11     | Reached skill level 12 in Axes
 20473 | Lair:1   | Entered Level 1 of the Lair of Beasts
 20737 | D:9      | HP: 22/89 [poisoned by a cane toad]
 20742 | D:9      | HP: 17/89 [poisoned by a cane toad]
 20747 | D:9      | HP: 14/89 [poisoned by a cane toad]
 20752 | D:9      | HP: 12/89 [poisoned by a cane toad]
 20757 | D:9      | HP: 12/89 [poisoned by a cane toad]
 20764 | D:9      | HP: 11/89 [poisoned by a cane toad]
 20772 | D:9      | HP: 11/89 [poisoned by a cane toad]
 21220 | Lair:1   | Reached skill level 3 in Throwing
 21763 | D:9      | Reached skill level 1 in Shields
 22162 | Lair:1   | Noticed a five-headed hydra
 22171 | Lair:1   | HP: 21/90 [nine-headed hydra (7)]
 22173 | Lair:1   | Killed a nine-headed hydra
 22627 | Lair:1   | Reached skill level 2 in Shields
 22631 | Lair:1   | Reached skill level 1 in Evocations
 22655 | Lair:1   | Reached XP level 12. HP: 91/97 MP: 12/12
 23171 | Lair:2   | Reached skill level 2 in Evocations
 23370 | Lair:2   | Reached skill level 10 in Fighting
 23822 | Lair:2   | Reached skill level 3 in Evocations
 24750 | Lair:3   | Reached skill level 13 in Axes
 25303 | Lair:3   | Found a runed translucent door.
 25303 | Lair:3   | Noticed MakMorn's ghost (journeyman MiTm)
 25527 | Lair:3   | Reached skill level 4 in Evocations
 26064 | Lair:3   | Got a jewelled falchion
 26183 | Lair:3   | Reached skill level 5 in Evocations
 26263 | Lair:3   | Noticed Sonja
 26540 | Lair:3   | Killed Sonja
 26821 | Lair:4   | Found a gate leading to a gauntlet.
 26880 | Gauntlet | Entered a Gauntlet
 26880 | Gauntlet | Found a transporter.
 26880 | Gauntlet | Found a runed translucent door.
 26880 | Gauntlet | Found a transporter.
 26881 | Gauntlet | Found a runed translucent door.
 26882 | Gauntlet | Found a transporter.
 26882 | Gauntlet | Found a transporter.
 26902 | Gauntlet | Found a transporter.
 26910 | Gauntlet | Found a transporter.
 26914 | Gauntlet | Found a transporter.
 26933 | Gauntlet | Found a transporter.
 26939 | Gauntlet | Noticed a death scarab
 26941 | Gauntlet | Found a transporter.
 26941 | Gauntlet | Noticed a death scarab
 26958 | Gauntlet | Found a transporter.
 26959 | Gauntlet | Found a transporter.
 26970 | Gauntlet | Found a transporter.
 27259 | Gauntlet | Noticed a catoblepas
 27770 | Lair:4   | Found a hole to the Spider Nest.
 28383 | Lair:4   | Reached skill level 3 in Shields
 28831 | Lair:4   | Reached skill level 11 in Fighting
 29050 | Lair:3   | Reached skill level 14 in Axes
 29794 | Lair:4   | Got a faintly glowing hat
 29805 | Lair:4   | Identified the +1 hat "Osaam" {Harm rF- Regen+ Int+5} (You
                  | found it on level 4 of the Lair of Beasts)
 29854 | Lair:4   | Found a staircase to the Swamp.
 29872 | Lair:4   | Gained mutation: You are completely covered in thin
                  | metallic scales. (AC +4, rElec) [demonic ancestry]
 29872 | Lair:4   | Reached XP level 13. HP: 61/106 MP: 13/13
 30171 | Lair:4   | Reached skill level 4 in Shields
 30878 | Lair:5   | Reached skill level 5 in Shields
 31441 | Lair:5   | Got an iridescent battleaxe
 31850 | Lair:6   | Entered Level 6 of the Lair of Beasts
 31853 | Lair:6   | Noticed Rupert
 31872 | Lair:5   | Reached skill level 12 in Fighting
 31872 | Lair:5   | Reached skill level 6 in Evocations
 32174 | Lair:5   | Reached skill level 4 in Throwing
 33192 | Lair:5   | Reached skill level 7 in Evocations
 33486 | Lair:6   | Paralysed by Rupert for 7 turns
 33751 | Lair:6   | Found the macabre finger necklace {rN+}
 33752 | Lair:6   | Found a staircase to the Slime Pits.
 34048 | Lair:5   | Reached skill level 5 in Throwing
 34057 | Lair:5   | Reached skill level 8 in Evocations
 35586 | D:12     | Reached XP level 14. HP: 113/116 MP: 14/14
 35837 | D:12     | Found Iklablot's Antique Weapon Emporium.
 35987 | D:12     | Reached skill level 6 in Throwing
 37542 | D:13     | Found a gateway to a bazaar.
 37721 | D:13     | Got a slimy ring mail
 37732 | D:13     | Identified the cursed +0 ring mail of Defence {rElec Str+2}
                  | (You found it on level 13 of the Dungeon)
 39323 | D:14     | Noticed an ironheart preserver
 39356 | D:13     | Killed an ironheart preserver
 39528 | D:14     | Found a shadowy altar of Dithmenos.
 39555 | D:14     | Reached skill level 15 in Axes
 39980 | D:14     | Found a gate to the Vaults.
 40366 | D:15     | Entered Level 15 of the Dungeon
 41388 | D:15     | Found a staircase to the Depths.
 41719 | D:15     | Reached skill level 16 in Axes
 43054 | Orc:1    | Entered Level 1 of the Orcish Mines
 43078 | D:12     | Bought a runed broad axe for 210 gold pieces
 43238 | Spider:1 | Entered Level 1 of the Spider Nest
 43244 | Spider:1 | Reached XP level 15. HP: 115/122 MP: 15/15
 44160 | Orc:1    | Found a roughly hewn altar of Beogh.
 44160 | Orc:1    | Paralysed by an orc sorcerer for 6 turns
 44704 | Orc:1    | Found a roughly hewn altar of Beogh.
 44757 | Orc:2    | Entered Level 2 of the Orcish Mines
 45897 | Orc:2    | Noticed Saint Roka
 46048 | Orc:2    | Noticed Blork the orc
 46106 | Orc:1    | Reached skill level 17 in Axes
 46448 | Orc:2    | HP: 25/122 [Saint Roka/divine providence (13)]
 47242 | Orc:2    | Killed Saint Roka
 47429 | Orc:2    | Killed Blork the orc
 47444 | Orc:2    | Found a roughly hewn altar of Beogh.
 47460 | Orc:2    | Found Obymor's Book Shop.
 47806 | Orc:2    | Found Wysmi's General Store.
 47814 | Orc:2    | Found Ekhuis's Antique Weapon Shop.
 47819 | Orc:2    | Found Hir Eme's Antique Armour Shop.
 47872 | Orc:2    | Bought a runed scarf for 256 gold pieces
 47882 | Orc:2    | Bought a crude hat for 288 gold pieces
 47887 | Orc:2    | Identified the +0 hat of Foit {Str+2} (You bought it in a
                  | shop on level 2 of the Orcish Mines)
 47920 | Orc:2    | Bought a wand of paralysis (9) for 154 gold pieces
 47920 | Orc:2    | Bought a scroll of identify for 28 gold pieces
 47983 | Orc:2    | Found Zovig's Assorted Antiques.
 48132 | Orc:2    | Noticed Urug
 48147 | Orc:2    | Killed Urug
 48540 | Orc:2    | Found a staircase to the Elven Halls.
 48773 | Orc:2    | Bought a book of the Earth for 780 gold pieces
 48783 | Orc:2    | Learned a level 9 spell: Shatter
 49265 | Spider:1 | Reached skill level 1 in Spellcasting
 49265 | Spider:1 | Reached skill level 1 in Earth Magic
 50232 | Spider:1 | Reached skill level 2 in Spellcasting
 50547 | Spider:2 | Reached skill level 2 in Earth Magic
 51327 | Spider:2 | Reached skill level 3 in Spellcasting
 51327 | Spider:2 | Reached skill level 3 in Earth Magic
 52263 | Spider:3 | Reached skill level 18 in Axes
 52290 | Spider:3 | Noticed an entropy weaver
 52306 | Spider:2 | Killed an entropy weaver
 52488 | Spider:3 | Killed a ghost moth
 52489 | Spider:3 | Reached skill level 4 in Earth Magic
 52489 | Spider:3 | Reached XP level 16. HP: 123/129 MP: 0/21
 52515 | Spider:3 | Reached skill level 4 in Spellcasting
 52761 | Spider:3 | Paralysed by a hornet for 2 turns
 53467 | Spider:3 | Reached skill level 13 in Fighting
 53467 | Spider:3 | Reached skill level 5 in Earth Magic
 53988 | Spider:4 | Entered Level 4 of the Spider Nest
 54310 | Spider:4 | Noticed an entropy weaver
 54450 | Spider:3 | Killed an entropy weaver
 54451 | Spider:3 | Reached skill level 6 in Earth Magic
 54749 | Spider:4 | Reached skill level 5 in Spellcasting
 55609 | Spider:4 | Reached skill level 7 in Earth Magic
 56064 | Spider:3 | Reached skill level 6 in Spellcasting
 56593 | Spider:4 | Reached skill level 8 in Earth Magic
 56612 | Spider:4 | Paralysed by a hornet for 1 turns
 57845 | Spider:4 | Noticed Arachne
 57877 | Spider:4 | Killed Arachne
 57878 | Spider:4 | Reached skill level 9 in Earth Magic
 57878 | Spider:4 | Reached XP level 17. HP: 80/138 MP: 27/27
 58117 | Spider:4 | Reached skill level 7 in Spellcasting
 58281 | Spider:4 | Got a gossamer rune of Zot
 58579 | Swamp:1  | Entered Level 1 of the Swamp
 58595 | Swamp:1  | Reached skill level 14 in Fighting
 60028 | Swamp:1  | Noticed a tentacled monstrosity
 60056 | Swamp:1  | Killed a tentacled monstrosity
 61423 | Swamp:2  | Reached skill level 10 in Earth Magic
 62370 | Swamp:3  | Noticed Donald
 62490 | Swamp:3  | Killed Donald
 62532 | Swamp:3  | Noticed Jorgrun
 63280 | Swamp:3  | HP: 35/140 [spriggan druid/angry trees (8)]
 63280 | Swamp:3  | Killed from afar by Jorgrun

Table legend: (Time is in decaauts)
 A = Elapsed time spent in this place.
 B = Non-inter-level travel time spent in this place.
 C = Inter-level travel time spent in this place.
 D = Time resting spent in this place.
 E = Time spent auto-exploring this place.
 F = Levels seen in this place.
 G = Mean time per level.
                   A        B        C        D        E       F      G
               +--------+--------+--------+--------+--------+-----+--------+
         Total |  63762 |  60157 |   3605 |  25215 |  24385 |  32 | 1992.6 |
       Dungeon |  29842 |  27729 |   2113 |   9648 |  13037 |  15 | 1989.5 |
        Temple |    231 |    182 |     49 |      0 |    180 |   1 |  231.0 |
          Lair |  14731 |  13779 |    952 |   7546 |   4311 |   6 | 2455.2 |
         Swamp |   4329 |   4168 |    161 |   2065 |   1403 |   3 | 1443.0 |
   Spider Nest |   9355 |   9212 |    143 |   3888 |   3569 |   4 | 2338.8 |
  Orcish Mines |   4846 |   4660 |    186 |   2066 |   1731 |   2 | 2423.0 |
      Gauntlet |    425 |    425 |      0 |      0 |    152 |   1 |  425.0 |
               +--------+--------+--------+--------+--------+-----+--------+

Top non-repeatable levels by time:
  Lair:4: 3808 daAuts
  Lair:5: 3652 daAuts
    D:10: 3473 daAuts
     D:9: 3457 daAuts
Spider:4: 3444 daAuts
   Orc:2: 3263 daAuts
     D:6: 2767 daAuts
    D:15: 2595 daAuts
  Lair:3: 2496 daAuts
     D:8: 2407 daAuts
Spider:2: 2286 daAuts
     D:5: 2267 daAuts
 Swamp:1: 2242 daAuts
    D:11: 2229 daAuts
Spider:3: 2190 daAuts

Table legend:
 A = Kills in this place as a percentage of kills in entire the game.
 B = Kills by you in this place as a percentage of kills by you in the entire game.
 C = Kills by friends in this place as a percentage of kills by friends in the entire game.
 D = Other kills in this place as a percentage of other kills in the entire game.
 E = Experience gained in this place as a percentage of experience gained in the entire game.
 F = Experience gained in this place divided by the number of levels of this place that you have seen.
                   A       B       C       D       E      F
               +-------+-------+-------+-------+-------+----------------------
         Total | 100.0 | 100.0 |   N/A | 100.0 | 100.0 | 7883.8
       Dungeon |  43.1 |  43.4 |   N/A |   0.0 |  22.1 | 3723.9
          Lair |  15.7 |  15.8 |   N/A |   0.0 |  19.8 | 8305.0
         Swamp |   5.5 |   5.1 |   N/A |  66.7 |  12.4 | 10393.7
   Spider Nest |  25.8 |  25.7 |   N/A |  33.3 |  38.9 | 24504.8
  Orcish Mines |   9.9 |  10.0 |   N/A |   0.0 |   6.9 | 8697.0
               +-------+-------+-------+-------+-------+----------------------

Action                   |  1- 3 |  4- 6 |  7- 9 | 10-12 | 13-15 | 16-18 || total
-------------------------+-------+-------+-------+-------+-------+-------++-------
Melee: War axe           |    92 |   133 |   492 |   889 |   853 |       ||  2459
       Broad axe         |       |       |       |       |   537 |   867 ||  1404
Throw: Throwing net      |     4 |     1 |       |       |       |       ||     5
       Stone             |    16 |    57 |   112 |   240 |   820 |       ||  1245
       Javelin           |       |     2 |     2 |    12 |       |     2 ||    18
       Dart              |       |     3 |    46 |    75 |    65 |   305 ||   494
       Boomerang         |       |       |       |    29 |    49 |    79 ||   157
Invok: Potion Petition   |       |       |       |     3 |     2 |     1 ||     6
Evoke: Wand              |       |       |     5 |    22 |    56 |    10 ||    93
       Box of beasts     |       |       |       |       |     1 |       ||     1
  Use: Potion            |       |       |     4 |     3 |     1 |     2 ||    10
       Scroll            |       |       |    11 |    12 |    11 |     6 ||    40
 Stab: Distracted        |       |       |       |     1 |     7 |     1 ||     9
       Paralysed         |       |       |       |    10 |       |       ||    10
       Invisible         |       |       |       |     2 |     2 |       ||     4
       Held in net/web   |       |       |       |       |       |     1 ||     1
Armor: Leather armour    |    11 |       |       |       |       |       ||    11
       Ring mail         |    29 |    35 |       |       |       |       ||    64
       Scale mail        |       |    22 |   238 |   203 |       |       ||   463
       Plate armour      |       |       |       |   257 |   802 |   806 ||  1865
Dodge: Dodged            |    31 |    21 |    85 |   127 |   158 |   117 ||   539
Block: Tower shield      |    68 |    93 |   368 |   726 |  1256 |   801 ||  3312

Vanquished Creatures
  Saint Roka (Orc:2)
  Arachne (Spider:4)
  A tentacled monstrosity (Swamp:1)
  Donald (Swamp:3)
  6 ghost moths
  3 emperor scorpions
  An ironheart preserver (D:13)
  2 entropy weavers
  A bunyip (Swamp:2)
  4 spark wasps
  2 eleionomae (Swamp:2)
  5 boulder beetles
  3 centaur warriors
  6 hydras
  An ogre mage (D:15)
  7 death yaks
  10 two-headed ogres
  A tengu warrior (D:15)
  10 alligators
  Urug (Orc:2)
  An orc high priest (Orc:2)
  2 spriggans (Swamp:1)
  Sonja (Lair:3)
  2 goliath frogs (Swamp:1)
  A spriggan druid (Swamp:1)
  An unseen horror (D:14)
  A bog body (Swamp:1)
  2 swamp dragons (Swamp:1)
  2 lindwurms
  A necromancer (D:15)
  A phantasmal warrior (D:15)
  18 orb spiders
  4 orc knights
  21 wolf spiders
  3 orc sorcerers
  A will-o-the-wisp (Swamp:2)
  6 ugly things
  4 manticores
  4 cyclopes
  2 moths of wrath (Spider:2)
  12 elephants
  A frost giant skeleton (D:15)
  Maurice (D:8)
  Joseph (D:8)
  An eye of devastation (Lair:6)
  3 black mambas (Lair:5)
  4 torpor snails
  13 cane toads
  A gargoyle (D:10)
  A rime drake (Lair:6)
  11 komodo dragons
  A kobold demonologist (D:14)
  2 guardian mummies (D:15)
  13 demonic crawlers
  A tengu conjurer (D:10)
  8 trolls
  38 jumping spiders
  3 polar bears
  A bloated husk (Swamp:2)
  Prince Ribbit (D:8)
  8 tyrant leeches
  12 hornets
  3 slime creatures (D:13)
  11 blink frogs
  An ice dragon zombie (D:15)
  A fire dragon zombie (D:15)
  104 redbacks
  A shadow (D:14)
  A centaur simulacrum (D:12)
  An ice dragon skeleton (D:15)
  2 water elementals (D:14)
  3 wraiths (D:14)
  48 yaks
  2 basilisks
  29 tarantellas
  5 wyverns
  Menkaure (D:3)
  12 vampire mosquitoes
  6 wargs
  10 swamp worms
  4 acid dragons
  13 water moccasins
  A swamp drake (Swamp:1)
  37 orc warriors
  3 ice beasts
  A sky beast (D:6)
  An eye of draining (Lair:6)
  3 black bears
  3 phantoms
  2 necrophages
  6 boggarts (D:14)
  10 centaurs
  19 ogres
  19 wolves
  3 big kobolds
  Blork the orc (Orc:2)
  20 bullfrogs
  2 wyvern zombies
  A gnoll sergeant (Orc:2)
  3 scorpions
  10 killer bees
  12 wights
  3 electric eels
  3 centaur zombies
  2 howler monkeys (D:8)
  A lava snake (D:15)
  2 bullfrog zombies
  A quasit (D:8)
  18 orc priests
  4 bullfrog skeletons
  7 centaur skeletons
  3 hounds
  3 jellies
  19 orc wizards
  Ijyb (D:3)
  3 iguanas
  Terence (D:3)
  8 worker ants
  A hound zombie (D:6)
  A hound skeleton (D:4)
  2 worker ant zombies
  24 adders
  A shadow imp (D:5)
  3 white imps
  5 ufetubi
  An ooze (D:1)
  An adder zombie (D:7)
  An adder skeleton (D:3)
  5 worms
  4 dart slugs
  5 leopard geckos
  78 orcs
  2 bats (D:1)
  5 giant cockroaches
  4 goblins
  9 hobgoblins
  14 jackals
  6 quokkas
  3 ball pythons
  3 frilled lizards
  2 jackal skeletons
  19 kobolds
  A leopard gecko zombie (D:5)
  4 rats
980 creatures vanquished.

Vanquished Creatures (others)
  A ghost moth (Spider:4)
  A hydra (Swamp:1)
  3 bloated husks
  A redback (Spider:3)
  A steam dragon (Lair:6)
  A hound (D:13)
  2 foxfires (Swamp:3)
  52 fungi
  92 plants
  12 withered plants (D:15)
166 creatures vanquished.

Grand Total: 1146 creatures vanquished You could see Jorgrun (corroded), a bunyip, a spriggan druid, a will-o-the-wisp and a swamp worm.

Levels and vault maps discovered:
D:1:      tarquinn_simple_flora_water_d, layout_loops_ring
D:2:      layout_basic, nrook_loot_triangle, kennysheep_flooded_box,
          uniq_sigmund, uniq_crazy_yiuf_cottage
D:3:      layout_rooms, minmay_crystal_room, grunt_ministairs_6, uniq_terence,
          uniq_ijyb
D:4:      layout_basic, nicolae_ashenzari_panopticon, serial_bayou_pond_d,
          guppyfry_shop_venom, uniq_menkaure
D:5:      layout_loops_cross, lemuel_coloured_pillars_altar,
          cheibriados_altar_1, grunt_qazlal_clouds
D:6:      layout_loops_corners, serial_shops, nicolae_shop_behind_doors
D:7:      layout_cave_pools, overflow_temple_1_default,
          minmay_temple_entry_crystal_x
D:8:      layout_loops_ring, david_defended_altar_elf, uniq_maurice,
          uniq_joseph, uniq_prince_ribbit1
D:9:      layout_gridville, kiku_gazebo_pond_becter,
          chequers_temple_overflow_statue_of_worship, david_lair_generic,
          basic_altar, nrook_mini_vaults
D:10:     layout_grid_maze
D:11:     layout_cave_pools, david_orc_3
D:12:     layout_stronghold, serial_shops, nicolae_shop_statue_plus
D:13:     layout_cave_pools, serial_shops, freezing_bzr, grunt_ministairs_1,
          kennysheep_small_spiral
D:14:     layout_cave_pods, skrybe_vaults_entry_preservation,
          nicolae_dithmenos_shadow_blocks, chequers_serial_rivers_room_a,
          serial_bayou_ford_a, minivault_10, hex_tiny
D:15:     gammafunk_depths_entry_grave, layout_basic, hangedman_decor_points,
          serial_co_window_serial, co_window_paths_a, co_window_paths_a,
          co_window_of_opportunity_a, co_window_paths_a, co_window_paths_b,
          co_window_paths_c, co_window_broadway_b, co_window_2corner,
          co_window_2corner, co_window_2corner, co_window_corner_b,
          glass_columns_c, glass_columns_a, glass_columns_c, glass_columns_b,
          glass_columns_c, minmay_misc_feat_hallway
Temple:   regret_index_temple_generic_petals
Lair:1:   layout_regular_city, grunt_megastairs_1
Lair:2:   layout_cave_pods
Lair:3:   layout_loops_ring, hellmonk_ghost_happy_afterlife,
          infiniplex_staircase_pool, grunt_megastairs_5, uniq_sonja
Lair:4:   layout_roguey, minmay_swamp_entry_worms, spider_nest_entry_rubble,
          gauntlet_entry_generic, chequers_serial_rivers_large_a,
          lemuel_fruit_tree
Lair:5:   layout_big_grid, worms_lemuel, infiniplex_staircase_pool_2,
          grunt_megastairs_4, lemuel_fruit_fields
Lair:6:   minmay_lair_end_enchanted_forest, layout_regular_city,
          minmay_slime_entry_eyes, nicolae_volcano_entry_vermiform,
          guppyfry_lair_drakes, uniq_rupert
Swamp:1:  cheibrodos_swamp_monstrosity, layout_falls_marsh,
          evilmike_swamp_ruin_house_3
Swamp:2:  layout_basic_swamp, nicolae_swamp_treefoil, swamp_pool3
Swamp:3:  layout_basic_swamp, portal_ice_cave_entry_dragon, serial_swamp_ruin,
          evilmike_swamp_ruin_rubble_1, evilmike_swamp_ruin_house_5,
          uniq_donald, uniq_jorgrun
Spider:1: layout_spider_delve
Spider:2: layout_spider_delve
Spider:3: layout_spider_delve, hangedman_spider_tarantella_strand
Spider:4: johnstein_spider_rune_arachne_lair, hive_lemuel
Orc:1:    layout_caves, basic_altar, mines1_david
Orc:2:    grunt_orc_cross, layout_diamond_mine, serial_shops, shop,
          sword_in_stone
